 Dungeon Crawl Stone Soup version 0.27-a0-906-g0a00ce863d (webtiles) character file.

Game seed: 3659919647675469255

2576 jestyr24 the Thaumaturge (level 9, -9/60 HPs)
             Began as a Djinni Conjurer on Apr 7, 2021.
             Was an Initiate of Makhleb.
             Shot with an arrow by a centaur (12 damage)
             ... on level 7 of the Dungeon.
             The game lasted 00:43:46 (9638 turns).

jestyr24 the Thaumaturge (Djinni Conjurer)          Turns: 9638, Time: 00:43:47

Health: -9/60      AC:  3    Str:  6    XL:     9   Next: 57%
Gold:   273        EV: 13    Int: 22    God:    Makhleb [......] SH:  0 Dex: 13

rFire    + . .     SeeInvis +   b - staff of conjuration
rCold    + . .     Faith    .   (no shield)
rNeg     . . .     Spirit   .   q - +0 robe {rC+}
rPois    ∞         Reflect  .   p - +0 helmet "Qudeot" {+Inv Will++}
rElec    +         Harm     .   (no cloak)
rCorr    .         Rampage  .   (no gloves)
Will     ++...                  (boots unavailable)
Stlth    +++.......             (no amulet)
HPRegen  0.20/turn              v - ring "Zejaman" {Ice rElec rPois Slay-3 SInv}
MPRegen  0.00/turn              (no ring)

@: about to teleport, flying, studying 2 skills
A: fire resistance 2, cold vulnerability 1, float, innate caster, hp casting,
extra vitality 1
a: Renounce Religion, Evoke Invisibility


You were on level 7 of the Dungeon.
You worshipped Makhleb.
Makhleb was noncommittal.
You visited 2 branches of the dungeon, and saw 8 of its levels.
You also visited: Sewer.

You collected 273 gold pieces.

Inventory:

Hand Weapons
 a - the +5 falchion "Ireufulo" {venom, rPois rN++}
   (You found it on level 5 of the Dungeon)

   It poisons the flesh of those it strikes.
   It protects you from poison.
   It greatly protects you from negative energy.
 D - a +4 long sword
Missiles
 e - 114 arrows
 g - 38 poisoned darts
 z - 8 curare-tipped darts
Armour
 p - the +0 helmet "Qudeot" (worn) {+Inv Will++}
   (You acquired it on level 6 of the Dungeon)

   It lets you turn invisible.
   It greatly increases your willpower.
 q - a +0 robe of cold resistance (worn)
 C - a +3 leather armour of fire resistance
Magical Staves
 b - a staff of conjuration (weapon)
Jewellery
 v - the ring "Zejaman" (left hand) {Ice rElec rPois Slay-3 SInv}
   (You acquired it on level 6 of the Dungeon)

   [ring of ice]

   It enhances your ice magic.
   It affects your accuracy and damage with ranged weapons and melee attacks
   (-3).
   It makes you vulnerable to fire.
   It protects you from cold.
   It insulates you from electricity.
   It protects you from poison.
   It lets you see invisible.
Wands
 j - a wand of polymorph (7)
 l - a wand of random effects (61)
 B - a wand of digging (3)
Scrolls
 d - 2 scrolls of brand weapon
 h - a scroll of noise {unknown}
 i - 3 scrolls of fog
 n - a scroll of enchant armour {unknown}
 t - a scroll of teleportation
 u - a scroll of identify
 w - a scroll of summoning
 y - a scroll of magic mapping {unknown}
 A - a scroll of enchant weapon {unknown}
Potions
 c - 3 potions of curing {unknown}
 f - 2 potions of degeneration {unknown}
 k - 4 potions of lignification {unknown}
 m - 4 potions of heal wounds
 o - a potion of brilliance {unknown}
 r - a potion of might {unknown}
 s - a potion of magic {unknown}
 x - a potion of haste {unknown}


   Skills:
 * Level 3.1 Fighting
 * Level 2.4 Long Blades
 - Level 0.6 Staves
 + Level 3.7 Dodging
 + Level 5.3 Stealth
 + Level 9.3 Spellcasting


You had 3 spell levels left.
You knew the following spells:

 Your Spells              Type           Power      Damage    Failure   Level
a - Magic Dart            Conj           100%       1d8       1%          1
b - Searing Ray           Conj           100%       3d7       1%          2
c - Dazzling Flash        Conj/Hex       100%       N/A       1%          3
d - Fulminant Prism       Conj/Hex       33%        3d16      1%          4
e - Iskenderun's Mystic   Conj/Tloc      67%        2d14      1%          4
f - Beastly Appendage     Tmut           100%       N/A       1%          1
g - Slow                  Hex            51%        N/A       1%          2
h - Conjure Flame         Conj/Fire      67%        6-21      1%          3
i - Inner Flame           Hex/Fire       51%        N/A       1%          3
Your spell library was empty.

Dungeon Overview and Level Annotations

Branches:
Dungeon (7/15)             Temple (1/1) D:5           Sewer (visited)

Altars:
Ashenzari
Cheibriados
Dithmenos
Elyvilon
Gozag
Hepliaklqana
Kikubaaqudgha
Makhleb
Nemelex Xobeh
Okawaru
Qazlal
Ru
Sif Muna
Trog
Uskayaw
Vehumet
Xom
Yredelemnul
Zin
The Shining One

Annotations:
D:4 1 runed translucent door, pleonasm's ghost, weakling FoDe


Innate Abilities, Weirdness & Mutations

You are immune to poison.
Your flesh is very heat resistant. (rF++)
You are vulnerable to cold. (rC-)
You float through the air rather than walking.
You learn spells naturally, not from books.
Your magical power is your life essence.
You have superior vitality. (+4 HP)


Message History

Aim: a black bear (lightly wounded, ally target, 13% to evade)
You feel a surge of power!
The searing ray misses the black bear. (Press . to maintain the ray.)
Your fulminant prism explodes!
The blast of energy engulfs the black bear!!!
You kill the black bear!
Makhleb accepts your kill.
You hear a shout! x2
You start resting.
A centaur comes into view.
A centaur is nearby!
Casting: Searing Ray (safe; 1% risk of failure)
Confirm with . or Enter, or press ? or * to list all spells.
Aiming: Fulminant Prism (dangerous; 1% risk of failure)
Press: ? - help, Dir - move target You feel a surge of power!
You conjure a prism of explosive energy!
A fulminant prism comes into view.
The centaur wields a +2 vorpal shortbow.
The centaur shoots an arrow.
The arrow hits you!
The centaur shoots an arrow.
The arrow closely misses you.
The centaur shoots an arrow.
The arrow hits you.
Your fulminant prism crackles loudly.
The centaur shoots an arrow.
The arrow completely misses you.
Your fulminant prism explodes!
You hear a howl!
Found a forked gold wand.
The centaur shoots an arrow.
The arrow hits you!
* * * LOW HITPOINT WARNING * * *
x2 The centaur shoots an arrow.
The arrow hits you!
* * * LOW HITPOINT WARNING * * *
x2 The centaur shoots an arrow.
The arrow misses you.
Casting: Fulminant Prism (dangerous; 1% risk of failure)
Confirm with . or Enter, or press ? or * to list all spells.
You don't have enough health to cast this spell.
As you read the scroll of teleportation, it crumbles to dust.
You feel strangely unstable.
The centaur shoots an arrow.
The arrow barely misses you.
The centaur shoots an arrow.
The arrow hits you!
You die...

##############
#....@.......###
#.#.######.c...#
# ###.#.#.#
#......<#
#...#.#.#.#
...###.....# ##
###.#.c .#.###
.# #


You could see a centaur.

Vanquished Creatures
  Pikel (D:6)
  Sigmund (D:6)
  Duvessa (D:6)
  A sky beast (D:6)
  2 black bears
  A necrophage (D:5)
  A phantom (D:6)
  A lemure (D:6)
  Blork the orc (D:4)
  2 kobold brigands
  A bullfrog (D:6)
  A scorpion (D:4)
  Dowan (D:6)
  A water moccasin skeleton (D:4)
  6 killer bees (D:5)
  3 wights (D:6)
  2 hounds
  2 bullfrog zombies (D:6)
  A gnoll shaman (D:6)
  3 centaur skeletons
  A bullfrog skeleton (D:4)
  3 orc wizards
  4 gnolls (D:6)
  8 adders
  2 river rats (Sewer)
  A white imp (D:6)
  An ufetubus (D:5)
  4 worms
  7 dart slugs
  10 orcs
  11 ball pythons
  5 bats
  10 endoplasms
  4 giant cockroaches
  11 goblins
  8 hobgoblins
  8 jackals
  3 quokkas
  10 frilled lizards
  9 kobolds
  14 rats
167 creatures vanquished.

Vanquished Creatures (others)
  14 fulminant prisms
  A plant (D:4)
15 creatures vanquished.

Grand Total: 182 creatures vanquished

Notes
Turn   | Place    | Note
-------+----------+-------------------------------------------
     0 | D:1      | jestyr24 the Djinni Conjurer began the quest for the Orb.
     0 | D:1      | Reached XP level 1. HP: 15/15 MP: 0/0
   399 | D:1      | Reached XP level 2. HP: 19/21 MP: 0/0
   402 | D:1      | Reached skill level 4 in Spellcasting
  1020 | D:1      | Reached XP level 3. HP: 23/25 MP: 0/0
  1020 | D:1      | Learned a level 1 spell: Beastly Appendage
  2049 | D:2      | Reached XP level 4. HP: 23/31 MP: 0/0
  2540 | D:2      | Reached skill level 5 in Spellcasting
  2810 | D:2      | Found a faded altar of an unknown god.
  3502 | D:3      | Reached XP level 5. HP: 34/35 MP: 0/0
  3502 | D:3      | Learned a level 2 spell: Slow
  3743 | D:3      | Found an iron altar of Okawaru.
  4045 | D:3      | Found a glowing drain.
  4056 | Sewer    | Entered a sewer
  4738 | D:3      | Found a snail-covered altar of Cheibriados.
  4867 | D:3      | Found a shimmering altar of Xom.
  5313 | D:4      | Found a runed translucent door.
  5313 | D:4      | Noticed pleonasm's ghost (weakling FoDe)
  5346 | D:4      | Noticed a kobold brigand
  5349 | D:4      | Reached XP level 6. HP: 33/40 MP: 0/0
  5353 | D:4      | Reached skill level 6 in Spellcasting
  5986 | D:4      | Noticed Blork the orc
  5992 | D:4      | Killed Blork the orc
  5993 | D:4      | Reached XP level 7. HP: 36/46 MP: 0/0
  5993 | D:4      | Learned a level 3 spell: Conjure Flame
  6292 | D:5      | Entered Level 5 of the Dungeon
  6297 | D:5      | Identified the +5 falchion "Ireufulo" {venom, rPois rN++}
  6430 | D:5      | Found a sparkling altar of Nemelex Xobeh.
  6430 | D:5      | Found an opulent altar of Gozag.
  6536 | D:5      | Reached skill level 7 in Spellcasting
  6537 | D:5      | Reached skill level 1 in Fighting
  6538 | D:5      | Reached XP level 8. HP: 10/52 MP: 0/0
  7238 | D:5      | Found a staircase to the Ecumenical Temple.
  7347 | Temple   | Entered the Ecumenical Temple
  7596 | Temple   | Became a worshipper of Makhleb the Destroyer
  7929 | D:6      | Noticed Pikel
  7941 | D:6      | Killed Pikel
  7942 | D:6      | Reached skill level 8 in Spellcasting
  8317 | D:6      | Noticed Sigmund
  8334 | D:6      | Killed Sigmund
  8335 | D:6      | Reached XP level 9. HP: 41/58 MP: 0/0
  8335 | D:6      | Learned a level 3 spell: Inner Flame
  8495 | D:6      | Identified 3 scrolls of acquirement
  8495 | D:6      | Acquired a manual of Long Blades
  8497 | D:6      | Acquired the ring "Zejaman" {Ice rElec rPois Slay-3 SInv}
  8499 | D:6      | Acquired the +0 helmet "Qudeot" {+Inv Will++}
  8522 | D:6      | Found a hazy altar of Hepliaklqana.
  8522 | D:6      | Found a glowing golden altar of the Shining One.
  8535 | D:6      | Found a sacrificial altar of Ru.
  8779 | D:6      | Reached skill level 5 in Stealth
  8890 | D:6      | Reached skill level 9 in Spellcasting
  8974 | D:6      | Reached skill level 1 in Long Blades
  9126 | D:6      | Found a shadowy altar of Dithmenos.
  9135 | D:6      | Noticed Duvessa
  9137 | D:6      | Noticed Dowan
  9138 | D:6      | Killed Dowan
  9139 | D:6      | Killed Duvessa
  9634 | D:7      | HP: 3/60 [centaur/arrow (8)]
  9638 | D:7      | Shot with an arrow by a centaur

Illustrated notes

Levels and vault maps discovered:
D:1:      dpeg_arrival_concentric_ovals, layout_loops_ring,
          minmay_indecisive_spiral
D:2:      layout_basic, basic_ecumenical_altar, minmay_misc_feat_five,
          minmay_misc_feat_chi, minmay_pentomino_w4
D:3:      layout_loops_corners, general_overflow_altar,
          okawaru_ov_weapons_minmay, xom_butterflies,
          cheibrodos_sewer_entry_bend, minivault_19
D:4:      layout_gridville, serial_forest, infiniplex_forest_clump_long,
          infiniplex_forest_straight_4, infiniplex_forest_lined_4_way,
          infiniplex_forest_clump_medium, infiniplex_forest_clump_large,
          infiniplex_forest_straight_2, infiniplex_forest_lined_room_,
          infiniplex_forest_clump_tiny, hellmonk_ghost_happy_afterlife,
          minmay_manual_maat, uniq_blork_the_orc
D:5:      layout_loops_ring, grunt_temple_overflow_opulence,
          minmay_temple_entry_stoned_glass, chequers_avenue, chequers_arboretum
D:6:      layout_loops_cross, minmay_overflow_temple_star_hex,
          nicolae_dithmenos_the_darkroom, hangedman_decor_push, uniq_duvessa,
          uniq_sigmund, uniq_pikel
D:7:      layout_loops_ring, david_defended_altar_orc, uniq_harold
Temple:   compressed_dpeg_triangle_lava_temple

Skill      XL: |  1  2  3  4  5  6  7  8  9 |
---------------+----------------------------+-----
Spellcasting   | 4 5 6 7 8 9 |  9.3
Stealth        | 2 3 4 5 |  5.3
Fighting       | 1 2 3 |  3.1
Dodging        | 3 |  3.7
Long Blades    | 2 |  2.4
Staves         | |  0.6

Action                   |  1- 3 |  4- 6 |  7- 9 || total
-------------------------+-------+-------+-------++-------
Melee: Dagger            |     2 |       |       ||     2
       Staff             |       |     4 |     3 ||     7
 Cast: Magic Dart        |    69 |   112 |    58 ||   239
       Searing Ray       |     5 |    18 |    29 ||    52
       Slow              |       |     1 |     1 ||     2
       Fulminant Prism   |       |       |    14 ||    14
       Iskenderun's Myst |       |       |     2 ||     2
  Use: Scroll            |       |     4 |     7 ||    11
Armor: Robe              |     5 |     3 |     3 ||    11
Dodge: Dodged            |    10 |     3 |    14 ||    27

Table legend: (Time is in decaauts)
 A = Elapsed time spent in this place.
 B = Non-inter-level travel time spent in this place.
 C = Inter-level travel time spent in this place.
 D = Time resting spent in this place.
 E = Time spent auto-exploring this place.
 F = Levels seen in this place.
 G = Mean time per level.
                   A        B        C        D        E       F      G
               +--------+--------+--------+--------+--------+-----+--------+
         Total |   9635 |   9383 |    252 |   2856 |   5474 |   9 | 1070.6 |
       Dungeon |   8737 |   8520 |    217 |   2664 |   4982 |   7 | 1248.1 |
        Temple |    264 |    229 |     35 |      0 |    144 |   1 |  264.0 |
         Sewer |    633 |    633 |      0 |    192 |    348 |   1 |  633.0 |
               +--------+--------+--------+--------+--------+-----+--------+

Top non-repeatable levels by time:
     D:1: 1867 daAuts
     D:6: 1700 daAuts
     D:2: 1584 daAuts
     D:5: 1358 daAuts
     D:4: 1107 daAuts
     D:3: 1097 daAuts
   Sewer: 633 daAuts
  Temple: 264 daAuts
     D:7: 20 daAuts
